 Dungeon Crawl Stone Soup version 0.30-a0-177-g1cb5dbfd7a (webtiles) character file.

Game seed: 14713911564522617514

165 KennySheep the Cudgeller (level 5, 0/54 HPs)
             Began as an Ogre Gladiator on Oct 2, 2022.
             Was a Follower of Uskayaw.
             Succumbed to a water moccasin's poison
             ... on level 5 of the Dungeon.
             The game lasted 00:06:37 (2733 turns).

KennySheep the Cudgeller (Ogre Gladiator)           Turns: 2733, Time: 00:06:38

Health: 0/54       AC:  4    Str: 20    XL:     5   Next: 46%
Magic:  6/6        EV: 10    Int:  9    God:    Uskayaw [*.....]
Gold:   104        SH:  0    Dex: 10    Spells: 4/4 levels left

rFire   . . .      SeeInvis .    f - +0 mace
rCold   . . .      Faith    .    (no shield)
rNeg    . . .      Spirit   .    b - +0 robe
rPois   .          Reflect  .    c - +0 hat
rElec   .          Harm     .    k - +0 cloak
rCorr   .          Rampage  .    (gloves unavailable)
Will    .....                    (boots unavailable)
Stlth   +.........               (no amulet)
HPRegen 0.29/turn                (no ring)
MPRegen 0.10/turn                (no ring)

@: lethally poisoned (0 -> -24), attractive, flying, hasted, very quick
A: large, unfitting armour, tough skin 1
a: Renounce Religion, Stomp


You were on level 5 of the Dungeon.
You worshipped Uskayaw.
Uskayaw was noncommittal.
You visited 1 branch of the dungeon, and saw 5 of its levels.

You collected 104 gold pieces.

Inventory:

Hand Weapons
 a - a +0 flail
 f - a +0 mace (weapon)
Missiles
 d - 3 throwing nets
 e - a large rock
 h - 2 boomerangs (quivered)
Armour
 b - a +0 robe (worn)
 c - a +0 hat (worn)
 k - a +0 cloak (worn)
Scrolls
 i - a scroll of fear {unknown}
 l - a scroll of blinking {unknown}
 q - a scroll of teleportation {unknown}
Potions
 j - a potion of flight
 n - a potion of lignification {unknown}
 o - a potion of heal wounds {unknown}
 p - a potion of berserk rage {unknown}
 r - a potion of might {unknown}


   Skills:
 + Level 3.8 Fighting
 * Level 3.9 Maces & Flails
 + Level 2.8 Throwing
 + Level 3.3 Dodging
 + Level 1.4 Invocations


You had 4 spell levels left.
You didn't know any spells.
Your spell library was empty.

Dungeon Overview and Level Annotations

Branches:
Dungeon (6/15)
 Temple: D:4-7

Altars:
Gozag
Ru
Uskayaw
Vehumet

Annotations:
D:5 exclusion: door


Innate Abilities, Weirdness & Mutations

You are too large for most types of armour.
You have tough skin. (AC +1)


Message History

Found a stone staircase leading up.
The water moccasin hisses angrily.
A water moccasin is nearby!
You hit the water moccasin.
The water moccasin is lightly wounded.
The water moccasin bites you. The water moccasin barely misses you.
You closely miss the water moccasin.
The water moccasin is lightly wounded.
The water moccasin bites you.
Okay, then.
You barely miss the water moccasin.
The water moccasin is lightly wounded.
The water moccasin bites you.
You are poisoned.
The water moccasin poisons you! The water moccasin bites you!
You barely miss the water moccasin.
The water moccasin is lightly wounded.
You feel very sick. The water moccasin closely misses you.
The water moccasin bites you.
You are more poisoned.
The water moccasin poisons you!
You completely miss the water moccasin.
The water moccasin is lightly wounded.
You feel very sick. The water moccasin barely misses you.
It was a potion of flight.
You feel very buoyant.
You fly up into the air.
You feel very sick. The water moccasin bites you.
* * * LOW HITPOINT WARNING * * *
The water moccasin misses you.
It was a potion of haste.
You feel yourself speed up.
You feel sick. The water moccasin bites you!
* * * LOW HITPOINT WARNING * * *
You are more poisoned.
The water moccasin poisons you!
It was a potion of attraction.
You feel attractive to monsters.
You die...

#)# ##.#....S...
#.# #.###.......
#)## #.# ###....
##.# ##.# ..# ##.#
#.## .# ##..## #.#
. ##....## ##.#
#......### #S##
#........## ##@#
#..........## #..#
............###.##
#.............#.#
................#
....>.......##..#
#..........####.#
###...###### ###
####


You could see a water moccasin.

Vanquished Creatures
  A centaur (D:5)
  An adder (D:2)
  A white imp (D:5)
  2 dart slugs (D:5)
  5 orcs (D:5)
  6 endoplasms
  5 giant cockroaches
  3 goblins
  6 hobgoblins
  6 quokkas
  8 ball pythons
  6 bats
  2 frilled lizards (D:1)
  6 kobolds
  2 rats
60 creatures vanquished.

Notes
Turn   | Place    | Note
-------+----------+-------------------------------------------
     0 | D:1      | KennySheep the Ogre Gladiator began the quest for the Orb.
     0 | D:1      | Reached XP level 1. HP: 22/22 MP: 1/1
    27 | D:1      | Reached XP level 2. HP: 26/29 MP: 2/2
   302 | D:1      | Reached XP level 3. HP: 31/37 MP: 3/3
   683 | D:1      | Found a faded altar of an unknown god.
   686 | D:1      | Prayed at the altar of an unknown god.
   686 | D:1      | Became a worshipper of Uskayaw the Reveller
   686 | D:1      | Reached * piety under Uskayaw
  1056 | D:2      | Reached ** piety under Uskayaw
  1183 | D:2      | Reached XP level 4. HP: 45/45 MP: 4/4
  1824 | D:3      | You fall into a shaft and drop 2 floors!
  1824 | D:5      | Entered Level 5 of the Dungeon
  1829 | D:6      | Noticed a black bear
  1830 | D:6      | Noticed a scorpion
  1830 | D:6      | Noticed a kobold brigand
  1928 | D:5      | Noticed a centaur
  1940 | D:5      | Killed a centaur
  1940 | D:5      | Reached *** piety under Uskayaw
  1941 | D:5      | Reached skill level 1 in Invocations
  1941 | D:5      | Reached XP level 5. HP: 27/54 MP: 4/6
  2224 | D:5      | Found a sacrificial altar of Ru.
  2224 | D:5      | Found a radiant altar of Vehumet.
  2229 | D:5      | Found an opulent altar of Gozag.
  2229 | D:5      | Noticed a black bear
  2714 | D:5      | Noticed a water moccasin
  2733 | D:5      | Succumbed to a water moccasin's poison

Illustrated notes

Levels and vault maps discovered:
D:1:      dpeg_arrival_simpleton_c, layout_basic,
          hellmonk_ecumenical_altar_inner_sanctum
D:2:      layout_loops_corners, kennysheep_generic_room_14
D:3:      layout_loops_cross, uniq_grinder
D:5:      layout_cave_pods, chequers_temple_overflow_minitemple
D:6:      layout_cave_pools, mainiacjoe_overflow_small_starburst,
          makhleb_altar_promises_db

Skill      XL: |  1  2  3  4 |
---------------+-------------+-----
Maces & Flails | 3 |  3.9
Fighting       | 3 |  3.8
Dodging        | 3 |  3.3
Invocations    | 1 |  1.4
Throwing       | |  2.8

Action                   |  1- 3 |  4- 6 || total
-------------------------+-------+-------++-------
Melee: Flail             |    31 |       ||    31
       Mace              |   102 |    75 ||   177
       Punch             |       |     1 ||     1
Invok: Stomp             |       |     1 ||     1
  Use: Potion            |       |     3 ||     3
Armor: Robe              |    53 |    29 ||    82
Dodge: Dodged            |    85 |    49 ||   134

Table legend: (Time is in decaauts)
 A = Elapsed time spent in this place.
 B = Non-inter-level travel time spent in this place.
 C = Inter-level travel time spent in this place.
 D = Time resting spent in this place.
 E = Time spent auto-exploring this place.
 F = Levels seen in this place.
 G = Mean time per level.
                   A        B        C        D        E       F      G
               +--------+--------+--------+--------+--------+-----+--------+
         Total |   2780 |   2736 |     44 |    419 |   1725 |   5 |  556.0 |
       Dungeon |   2780 |   2736 |     44 |    419 |   1725 |   5 |  556.0 |
               +--------+--------+--------+--------+--------+-----+--------+

Top non-repeatable levels by time:
     D:2: 979 daAuts
     D:5: 915 daAuts
     D:1: 861 daAuts
     D:3: 22 daAuts
     D:6: 1 daAuts
